 Dungeon Crawl Stone Soup version 0.17.1-2-g5865329 (webtiles) character file.

109 JustSomeDude the Insei (level 4, -2/35 HPs)
             Began as a Demonspawn Monk on Jan 27, 2016.
             Was an Initiate of Ru.
             Slain by Grinder (3 damage)
             ... on level 3 of the Dungeon.
             The game lasted 00:04:43 (1028 turns).

JustSomeDude the Insei (Demonspawn Monk)            Turns: 1028, Time: 00:04:44

Health: -2/35      AC: 10    Str: 12    XL:     4   Next: 59%
Magic:  0/4        EV:  6    Int: 12    God:    Ru [......]
Gold:   117        SH:  0    Dex: 15    Spells: 0 memorised, 3 levels left

rFire  . . .     SeeInvis .     e - +2 short sword (drain)
rCold  . . .     Clarity  .     n - +0 chain mail
rNeg   . . .     SustAt   .     (no shield)
rPois  .         Gourm    .     (no helmet)
rElec  .         Spirit   +     (no cloak)
rCorr  .         Warding  .     (no gloves)
rMut   .         Stasis   .     (no boots)
MR     .....                    l - amulet of guardian spirit
Stlth  ..........               (no ring)
                                (no ring)

@: not resistant to hostile enchantments, extremely unstealthy
A: thin metallic scales 1, spiny 1, no stealth
a: Renounce Religion


You were on level 3 of the Dungeon.
You worshipped Ru.
Ru was noncommittal.
You were not hungry.

You visited 1 branch of the dungeon, and saw 3 of its levels.

You collected 117 gold pieces.

Inventory:

Hand Weapons
 e - a +2 short sword of draining (weapon)
Armour
 a - a +0 robe
 n - a +0 chain mail (worn)
Jewellery
 l - an amulet of guardian spirit (around neck)
 q - an uncursed ring of protection from fire {unknown}
Scrolls
 c - a scroll of noise {unknown}
 d - a scroll of enchant armour {unknown}
 f - 3 scrolls of identify {unknown}
 i - a scroll of remove curse {unknown}
 j - a scroll of enchant weapon {unknown}
 k - a scroll of fog {unknown}
 s - a scroll of blinking {unknown}
 t - a scroll of random uselessness {unknown}
 u - 4 scrolls of teleportation {unknown}
Potions
 g - a potion of cure mutation {unknown}
 h - a potion of resistance {unknown}
 o - a potion of heal wounds {unknown}
 r - 2 potions of brilliance {unknown}
Comestibles
 b - 3 bread rations
 m - 2 beef jerkies
 p - a meat ration


   Skills:
 + Level 3.4 Fighting
 + Level 0.1 Armour
 + Level 3.8 Dodging
 + Level 4.3 Unarmed Combat


You had 3 spell levels left.
You didn't know any spells.

Dungeon Overview and Level Annotations

Branches:
Dungeon (3/15)

Altars:
Okawaru
Ru

Annotations:
D:3 Grinder


Innate Abilities, Weirdness & Mutations

You are partially covered in thin metallic scales (AC +2).
You are partially covered in sharp spines.
You cannot be stealthy.


Message History

Grinder barely misses you. The orc closely misses you. Grinder hits you.
Unknown command.
Unknown command.
Unknown command.
Unknown command.
You closely miss Grinder.
Grinder is lightly wounded.
The worm bites you but does no damage. Grinder is struck by your spines.
Grinder hits you but does no damage. The orc is struck by your spines.
You kill the orc!
Unknown command.
Unknown command.
Unknown command.
Your chain mail prevents you from hitting Grinder.
Grinder is moderately wounded.
Grinder says, "I used to sell toenails on the black market."
Grinder hits you.
* * * LOW HITPOINT WARNING * * *
You writhe in agony.
You die...

#...... .......^##
##..... .........#
##.... .......#.# #....
...!...#.# ######...8
.......#.######.†.....8.
.......#.....[..†.#..8._
........w....)........8.
#.)..5@))...!...##...)8
####...........####...)
#..##........# #....
...............# #....
...#####........# #...<
.# #................
########.........
#####.... ##...


You could see Grinder and a worm.

Vanquished Creatures
  2 orc priests (D:3)
  An adder (D:3)
  2 giant geckos
  3 orcs (D:3)
  2 giant cockroaches
  A hobgoblin (D:1)
  4 jackals (D:3)
  8 kobolds
  3 bats
  5 giant newts
  6 goblins
  9 rats
46 creatures vanquished.

Notes
Turn   | Place    | Note
--------------------------------------------------------------
     0 | D:1      | JustSomeDude the Demonspawn Monk began the quest for the Orb.
     0 | D:1      | Reached XP level 1. HP: 18/18 MP: 1/1
   121 | D:1      | Gained mutation: You are partially covered in sharp spines. [demonic ancestry]
   121 | D:1      | Reached XP level 2. HP: 18/24 MP: 2/2
   606 | D:2      | Found an iron altar of Okawaru.
   715 | D:2      | Reached skill level 4 in Unarmed Combat
   758 | D:2      | Reached XP level 3. HP: 29/29 MP: 3/3
   974 | D:3      | Found a faded altar to an unknown god.
   985 | D:3      | Became a worshipper of Ru the Awakened
   997 | D:3      | Gained mutation: You cannot be stealthy. [Ru sacrifice]
  1013 | D:3      | Gained mutation: You are partially covered in thin metallic scales (AC +2). [demonic ancestry]
  1013 | D:3      | Reached XP level 4. HP: 28/35 MP: 4/4
  1017 | D:3      | Noticed Grinder
  1028 | D:3      | HP: 1/35 [Grinder (3)]
  1028 | D:3      | Slain by Grinder

Action                   |  1- 3 |  4- 6 || total
-------------------------+-------+-------++-------
Melee: Short sword       |    49 |     8 ||    57
       Unarmed           |     5 |       ||     5
Invok: Sacrifice Stealth |     1 |       ||     1
 Stab: Sleeping          |     4 |       ||     4
